Map: 월드 오브 슬리퍼스 - 래더

Players

SpaceMarine

  • Race: Protoss Protoss
  • Spawn Location: 7:00

Hurricane - Winner!

  • Race: Protoss Protoss
  • Spawn Location: 1:00

Event: IEM Katowice 2020

VOD

Have the link to the VOD?

Description

Time

  • Played on: Feb. 25, 2020, 4:07 a.m.
  • Length: 4:18

All games in this series

Show
View Real Time Build Order
Export as new Build Order

SpaceMarine Protoss 

Build Orders:  

Get SALT Encoding   

  12  0:01  Probe (Chrono Boost)  
  13  0:11  Probe (Chrono Boost)  
  14  0:16  Probe (Chrono Boost)  
  15  0:41  Pylon  
  15  0:59  Probe  
  15  1:00  Gateway  
  15  1:01  Forge  
  16  1:22  Pylon  
  16  1:41  Pylon  
  16  1:42  Photon Cannon  
  16  1:44  Photon Cannon  
  16  1:45  Zealot (Chrono Boost)  
  16  1:49  Probe  
  19  2:00  Pylon  
  19  2:01  Probe  
  19  2:04  Zealot  
  21  2:24  Probe  
  21  2:25  Assimilator  
  22  2:30  Photon Cannon x2  
  22  2:34  Photon Cannon  
  22  2:36  Probe  
  21  2:44  Photon Cannon  
  21  2:48  Photon Cannon  
  20  3:06  Cybernetics Core  
  20  3:11  Probe  
  21  3:15  Assimilator  
  21  3:26  Probe  
  22  3:32  Pylon  
  22  3:39  Probe  
  23  3:55  Probe  
  24  4:08  Robotics Facility  
  24  4:09  Gateway  
  25  4:11  Gateway, Cybernetics Core  
Show
View Real Time Build Order
Export as new Build Order

Hurricane Protoss - Winner!

Build Orders:  

Get SALT Encoding   

  12  0:00  Probe  
  13  0:13  Probe  
  14  0:17  Pylon  
  14  0:25  Probe (Chrono Boost)  
  15  0:37  Probe (Chrono Boost), Gateway  
  16  0:45  Probe (Chrono Boost)  
  16  0:47  Assimilator  
  17  0:51  Probe  
  17  0:55  Assimilator  
  18  1:03  Probe (Chrono Boost)  
  19  1:07  Gateway  
  19  1:13  Probe (Chrono Boost)  
  19  1:18  Probe (Chrono Boost)  
  20  1:24  Cybernetics Core  
  21  1:29  Probe  
  22  1:34  Pylon  
  24  1:54  Zealot (Chrono Boost)  
  24  2:01  Stalker (Chrono Boost)  
  26  2:03  Warp Gate  
  26  2:05  Shield Battery  
  26  2:10  Shield Battery  
  25  2:25  Adept (Chrono Boost)  
  25  2:26  Shield Battery  
  27  2:36  Shield Battery  
  27  2:45  Gateway  
  29  3:03  Robotics Facility  
  27  3:16  Gateway  
  27  3:22  Pylon  
  27  3:27  Probe  
  28  3:45  Gateway  
  28  3:54  Adept  
  34  4:05  Probe, Pylon  
  35  4:13  Stalker  

Tags
 
Add a new tag
Caveats
  • Supply blocks, unpowered buildings, or Contaminate may cause inaccurate times.
  • Supply counts are checked every 10 seconds.